Predators vs Rangers

Created - November 22, 2020 at 22:38

Goals
1 2 3 T
Predators 0 1 0 1
Rangers 2 0 1 3
Shots
1 2 3 T
Predators 12 10 14 36
Rangers 7 4 16 27

1st period

1. Rangers , Jakob Silfverberg 6 (Sean Couturier 9) at 3:27
2. Rangers , Maxime Sauvé 1 (Steve Quailer 2, Luke Schenn 6) at 19:30

Penalties :
Dmitri Kalinin (Nas) for Interference (Minor) at 2:15, Kyle Okposo (NYR) for Hooking (Minor) at 3:19, Alexander Ovechkin (Nas) for Tripping (Minor) at 8:54

2nd period

3. Predators , Brendan Gallagher 6 (Ryan Mcdonagh 8) at 12:48

Penalties :
Derrick Pouliot (NYR) for Hooking (Minor) at 2:46, Patrice Bergeron (NYR) for Tripping (Minor) at 15:51

3rd period

4. Rangers , James Neal 5 (Sean Couturier 10, Luke Schenn 7) at 12:42

Penalties :
No Penalty

Goalie Stats

Viktor Fasth (Nas), 24 saves from 27 shots - (0.889), L, 8-3-1, 60:00 minutes
Frederik Andersen (NYR), 35 saves from 36 shots - (0.972), W, 7-6-1, 60:00 minutes

Players Stats for Predators

Player Name              G  A  P  +/- PIM S  H  SB GA TA FO     MP     PP MP  PK MP  
------------------------------------------------------------------------------------
Alex Killorn             0  0  0  -2  0   0  0  0  1  0  1/1     9:45   0:00   0:00 
Alexander Edler          0  0  0  -2  0   2  2  0  0  0  0/0    24:30   2:27   1:37 
Alexander Ovechkin       0  0  0   0  2   5  4  2  1  0  0/0    19:39   2:49   0:00 
Andy Miele               0  0  0   0  0   3  0  1  0  0  3/5    11:37   0:00   1:39 
Brendan Gallagher        1  0  1   1  0   4  2  0  2  0  1/1    19:00   2:45   0:00 
Byron Bitz               0  0  0   0  0   1  1  0  0  0  0/0    11:29   0:26   0:55 
Dmitri Kalinin           0  0  0   0  2   0  1  1  1  0  0/0    15:07   0:03   0:40 
Jack Eichel              0  0  0   1  0   1  1  0  0  1  5/20   18:59   2:49   0:03 
Jaden Schwartz           0  0  0   0  0   6  2  0  0  0  0/0    18:20   2:04   1:15 
John Moore               0  0  0   0  0   1  1  1  0  0  0/0    20:36   2:35   0:57 
Justin Abdelkader        0  0  0   0  0   1  0  0  1  0  0/0    10:35   0:06   0:09 
Justin Faulk             0  0  0   0  0   2  0  3  0  1  0/0    19:35   2:35   0:00 
Mark Pysyk               0  0  0  -2  0   3  2  1  0  1  0/0    11:24   0:00   1:39 
Mikael Granlund          0  0  0  -1  0   3  1  1  1  0  1/2    17:34   2:04   0:00 
Nate Schmidt             0  0  0   0  0   1  1  0  0  1  0/0    15:43   0:00   1:26 
Nik Antropov             0  0  0  -2  0   1  0  0  1  0  2/3    10:11   0:00   0:26 
Ryan Kesler              0  0  0   0  0   2  0  1  0  0  9/12   17:25   2:00   0:00 
Ryan Mcdonagh            0  1  1  -2  0   0  1  2  0  0  0/0    24:31   2:27   1:26 

Players Stats for Rangers

Player Name              G  A  P  +/- PIM S  H  SB GA TA FO     MP     PP MP  PK MP  
------------------------------------------------------------------------------------
Cam Barker               0  0  0   2  0   2  0  4  0  0  0/0    24:34   1:11   2:54 
Chris Bourque            0  0  0   0  0   0  1  0  0  0  0/0    14:08   0:39   1:56 
Derrick Pouliot          0  0  0   0  2   1  3  2  0  0  0/0    16:05   0:42   0:34 
Devante Smith-Pelly      0  0  0   0  0   1  2  1  0  0  0/0    15:28   0:15   0:00 
Dmitry Kulikov           0  0  0   0  0   0  0  0  1  2  0/0    20:19   1:10   2:08 
Jakob Silfverberg        1  0  1   1  0   6  0  1  1  0  1/2    20:14   1:33   2:31 
James Neal               1  0  1   0  0   2  3  0  0  0  0/0    16:17   0:36   0:21 
Kyle Okposo              0  0  0   0  2   0  2  0  0  0  0/0    12:58   1:14   0:00 
Luke Schenn              0  2  2   2  0   1  0  1  0  2  0/0    23:50   1:10   2:45 
Magnus Paajarvi          0  0  0   1  0   2  3  0  1  2  0/1     9:11   0:00   0:47 
Mark Fistric             0  0  0   0  0   1  1  2  0  1  0/0    17:03   0:00   0:18 
Maxime Sauvé             1  0  1   1  0   2  0  0  1  1  1/1     8:56   0:32   0:00 
Milan Lucic              0  0  0   0  0   2  1  0  0  0  1/2    17:40   1:48   0:27 
Patrice Bergeron         0  0  0   0  2   0  1  0  0  0  12/24  18:52   1:48   1:31 
Patrik Nemeth            0  0  0   0  0   1  1  1  0  0  0/0    16:19   0:00   1:25 
Sean Couturier           0  2  2   1  0   1  2  0  0  0  5/11   19:14   0:36   2:04 
Steve Quailer            0  1  1   1  0   4  0  1  0  0  0/0     8:24   0:00   0:00 
Tomas Hertl              0  0  0   0  0   1  1  0  0  0  2/3    14:28   2:00   0:27 

3 Stars

1 - Frederik Andersen (NYR)
2 - Luke Schenn (NYR)
3 - Sean Couturier (NYR)

Power Play

Predators - 0 on 3 Attempt(s) - 0.00%
Rangers - 0 on 2 Attempt(s) - 0.00%

Penalty Kill

Predators - 2 on 2 Attempt(s) - 100.00% - Score 0 goal in Penalty Kill
Rangers - 3 on 3 Attempt(s) - 100.00% - Score 0 goal in Penalty Kill

Team Stat

Predators - Hits : 19 - Faceoff Wins : 22 - Blocked Shots : 13 - Penalty Minutes : 4
Rangers - Hits : 21 - Faceoff Wins : 22 - Blocked Shots : 13 - Penalty Minutes : 6

Official

Referees : Unknown
Linesman : Unknown

Game Notes

No Game Note

Finance

Level 1 -- Attendance: 5974 (99.57%) -- Ticket Income $567,530
Level 2 -- Attendance: 4867 (97.34%) -- Ticket Income $292,020
Level 3 -- Attendance: 2000 (100.00%) -- Ticket Income $70,000
Level 4 -- Attendance: 4000 (100.00%) -- Ticket Income $100,000
Luxury Box -- Attendance: 980 (98.00%) -- Ticket Income $176,400
Game was played at the Madison Square Garden.
Total Attendance: 17821 (99.01%)
Total Ticket Income: $1,205,950
Other Income: $180,892
Total Income: $1,386,842

Predators

5 vs 5 Forward 
   Center                   Left Wing                Right Wing               Time % Phy DF OF 
 1 Jack Eichel              Alexander Ovechkin       Brendan Gallagher        40     1   1  3  
 2 Ryan Kesler              Jaden Schwartz           Mikael Granlund          30     1   2  2  
 3 Andy Miele               Justin Abdelkader        Byron Bitz               15     1   2  2  
 4 Nik Antropov             Alex Killorn             Mark Pysyk               15     1   2  2  

5 vs 5 Defense 
   Defense                  Defense                                           Time % Phy DF OF 
 1 Ryan Mcdonagh            Alexander Edler                                   35     1   2  2  
 2 John Moore               Justin Faulk                                      30     1   2  2  
 3 Nate Schmidt             Dmitri Kalinin                                    25     1   2  2  
 4 Ryan Mcdonagh            Alexander Edler                                   10     1   2  2  

PowerPlay Forward 
   Center                   Left Wing                Right Wing               Time % Phy DF OF 
 1 Jack Eichel              Alexander Ovechkin       Brendan Gallagher        55     1   1  3  
 2 Ryan Kesler              Jaden Schwartz           Mikael Granlund          45     1   1  3  

PowerPlay Defense
   Defense                  Defense                                           Time % Phy DF OF 
 1 Ryan Mcdonagh            Alexander Edler                                   55     1   1  3  
 2 John Moore               Justin Faulk                                      45     1   1  3  

Penalty Kill 4 Players Forward 
   Center                   Wing                     Time % Phy DF OF 
 1 Andy Miele               Mark Pysyk               60     1   2  2  
 2 Jaden Schwartz           Byron Bitz               40     1   2  2  

Penalty Kill 4 Players Defense
   Defense                  Defense                  Time % Phy DF OF 
 1 Ryan Mcdonagh            Alexander Edler          60     1   3  1  
 2 John Moore               Nate Schmidt             40     1   3  1  

Penalty Kill - 3 Players Forward 
   Forward                                           Time % Phy DF OF 
 1 Andy Miele                                        60     1   3  1  
 2 Byron Bitz                                        40     1   3  1  

Penalty Kill - 3 Players Defense
   Defense                  Defense                  Time % Phy DF OF 
 1 Ryan Mcdonagh            Alexander Edler          60     1   3  1  
 2 John Moore               Nate Schmidt             40     1   3  1  

4 vs 4 Forward 
   Center                   Wing                     Time % Phy DF OF 
 1 Mikael Granlund          Alexander Ovechkin       60     1   2  2  
 2 Ryan Kesler              Brendan Gallagher        40     1   2  2  

4 vs 4 Defense
   Defense                  Defense                  Time % Phy DF OF 
 1 Ryan Mcdonagh            Alexander Edler          60     1   2  2  
 2 John Moore               Justin Faulk             40     1   2  2  

Last Minutes Offensive
   Center                   Left Wing                Right Wing               Defense                  Defense                  
   Ryan Kesler              Alexander Ovechkin       Brendan Gallagher        Ryan Mcdonagh            Alexander Edler          

Last Minutes Defensive
   Center                   Left Wing                Right Wing               Defense                  Defense                  
   Andy Miele               Jaden Schwartz           Mark Pysyk               Ryan Mcdonagh            John Moore               

Goaltenders
Starting : Viktor Fasth             
Backup : Anders Lindback          

Extra Forwards
Normal : Andy Miele, Justin Abdelkader, Byron Bitz - PP : Byron Bitz, Justin Abdelkader - PK : Brendan Gallagher
Extra Defensemen
Normal : Nate Schmidt, Dmitri Kalinin, John Moore - PP : Dmitri Kalinin - PK : Nate Schmidt, John Moore
Penalty Shots
Jack Eichel, Mikael Granlund, Alexander Ovechkin, Ryan Kesler, Brendan Gallagher

Scratches
None

Rangers

5 vs 5 Forward 
   Center                   Left Wing                Right Wing               Time % Phy DF OF 
 1 Patrice Bergeron         Milan Lucic              Jakob Silfverberg        40     1   2  2  
 2 Sean Couturier           James Neal               Devante Smith-Pelly      30     1   2  2  
 3 Tomas Hertl              Chris Bourque            Kyle Okposo              20     1   2  2  
 4 Maxime Sauvé             Magnus Paajarvi          Steve Quailer            10     1   2  2  

5 vs 5 Defense 
   Defense                  Defense                                           Time % Phy DF OF 
 1 Luke Schenn              Cam Barker                                        40     1   2  2  
 2 Dmitry Kulikov           Mark Fistric                                      30     1   2  2  
 3 Patrik Nemeth            Derrick Pouliot                                   20     1   2  2  
 4 Luke Schenn              Cam Barker                                        10     1   2  2  

PowerPlay Forward 
   Center                   Left Wing                Right Wing               Time % Phy DF OF 
 1 Patrice Bergeron         Milan Lucic              Jakob Silfverberg        60     1   2  2  
 2 Sean Couturier           James Neal               Kyle Okposo              40     1   2  2  

PowerPlay Defense
   Defense                  Defense                                           Time % Phy DF OF 
 1 Cam Barker               Tomas Hertl                                       60     1   2  2  
 2 Luke Schenn              Dmitry Kulikov                                    40     1   2  2  

Penalty Kill 4 Players Forward 
   Center                   Wing                     Time % Phy DF OF 
 1 Jakob Silfverberg        Patrice Bergeron         60     1   2  2  
 2 Milan Lucic              Sean Couturier           40     1   2  2  

Penalty Kill 4 Players Defense
   Defense                  Defense                  Time % Phy DF OF 
 1 Luke Schenn              Cam Barker               60     1   2  2  
 2 Dmitry Kulikov           Patrik Nemeth            40     1   2  2  

Penalty Kill - 3 Players Forward 
   Forward                                           Time % Phy DF OF 
 1 Milan Lucic                                       60     1   2  2  
 2 Jakob Silfverberg                                 40     1   2  2  

Penalty Kill - 3 Players Defense
   Defense                  Defense                  Time % Phy DF OF 
 1 Luke Schenn              Cam Barker               60     1   2  2  
 2 Mark Fistric             Dmitry Kulikov           40     1   2  2  

4 vs 4 Forward 
   Center                   Wing                     Time % Phy DF OF 
 1 Sean Couturier           Jakob Silfverberg        60     1   2  2  
 2 Patrice Bergeron         Tomas Hertl              40     1   2  2  

4 vs 4 Defense
   Defense                  Defense                  Time % Phy DF OF 
 1 Cam Barker               Luke Schenn              60     1   2  2  
 2 Dmitry Kulikov           Derrick Pouliot          40     1   2  2  

Last Minutes Offensive
   Center                   Left Wing                Right Wing               Defense                  Defense                  
   Milan Lucic              Jakob Silfverberg        Patrice Bergeron         Luke Schenn              Cam Barker               

Last Minutes Defensive
   Center                   Left Wing                Right Wing               Defense                  Defense                  
   Milan Lucic              Jakob Silfverberg        Patrice Bergeron         Luke Schenn              Cam Barker               

Goaltenders
Starting : Frederik Andersen        
Backup : Mike Condon              

Extra Forwards
Normal : Jakob Silfverberg, Patrice Bergeron, Tomas Hertl - PP : Milan Lucic, Jakob Silfverberg - PK : Patrice Bergeron
Extra Defensemen
Normal : Cam Barker, Luke Schenn, Mark Fistric - PP : Cam Barker - PK : Cam Barker, Luke Schenn
Penalty Shots
Jakob Silfverberg, Patrice Bergeron, Tomas Hertl, Milan Lucic, Sean Couturier

Scratches
Matt Delahey (Healthy)

% Time on Ice - Predators

Lines # - Real PCT - Wanted PCT - Time Play
Normal Forward
1 - 32% - 40% - 16:08
2 - 30% - 30% - 15:29
3 - 19% - 15% - 9:38
4 - 19% - 15% - 9:45
Normal Defense
1 - 32% - 35% - 16:24
2 - 33% - 30% - 16:42
3 - 29% - 25% - 14:47
4 - 6% - 10% - 3:07
PP Forward
1 - 58% - 55% - 2:55
2 - 42% - 45% - 2:07
PP Defense
1 - 49% - 55% - 2:27
2 - 51% - 45% - 2:35
PK Forward
1 - 70% - 60% - 2:08
2 - 30% - 40% - 0:55
PK Defense
1 - 53% - 60% - 1:37
2 - 47% - 40% - 1:26
PK3 Forward
1 - 0% - 60%
2 - 0% - 40%
PK3 Defense
1 - 0% - 60%
2 - 0% - 40%
44 Forward
1 - 55% - 60% - 0:30
2 - 45% - 40% - 0:25
44 Defense
1 - 100% - 60% - 0:55
2 - 0% - 40% - 0:00
Last Minute Offensive  - 0:00
Last Minute Defensive  - 0:00
Total
Forward - 60:00
Defense - 60:00

% Time on Ice - Rangers

Lines # - Real PCT - Wanted PCT - Time Play
Normal Forward
1 - 30% - 40% - 15:04
2 - 32% - 30% - 16:17
3 - 22% - 20% - 11:15
4 - 16% - 10% - 8:24
Normal Defense
1 - 36% - 40% - 18:32
2 - 33% - 30% - 16:55
3 - 29% - 20% - 14:40
4 - 2% - 10% - 0:53
PP Forward
1 - 59% - 60% - 1:48
2 - 41% - 40% - 1:15
PP Defense
1 - 62% - 60% - 1:53
2 - 38% - 40% - 1:10
PK Forward
1 - 91% - 60% - 4:35
2 - 9% - 40% - 0:27
PK Defense
1 - 61% - 60% - 3:03
2 - 39% - 40% - 1:59
PK3 Forward
1 - 0% - 60%
2 - 0% - 40%
PK3 Defense
1 - 0% - 60%
2 - 0% - 40%
44 Forward
1 - 64% - 60% - 0:35
2 - 36% - 40% - 0:20
44 Defense
1 - 89% - 60% - 0:49
2 - 11% - 40% - 0:06
Last Minute Offensive  - 0:00
Last Minute Defensive  - 0:00
Total
Forward - 60:00
Defense - 60:00

Play-by-Play

1st period


0:01 of 1st period - Patrice Bergeron wins face-off versus Jack Eichel in neutral zone.
0:06 of 1st period - Snap shot by Jakob Silfverberg.
0:06 of 1st period - Deflect By Patrice Bergeron.
0:06 of 1st period - Shot Misses the Net.
0:06 of 1st period - Puck is out of play.
0:07 of 1st period - Patrice Bergeron wins face-off versus Jack Eichel in Predators zone.
0:12 of 1st period - Slapshot by Milan Lucic.
0:12 of 1st period - Deflect By Jakob Silfverberg.
0:12 of 1st period - Stopped by Viktor Fasth without a rebound.
0:13 of 1st period - Ryan Kesler wins face-off versus Sean Couturier in Predators zone.
0:28 of 1st period - Wrist shot by Jaden Schwartz.
0:28 of 1st period - Shot Misses the Net.
1:26 of 1st period - Snap shot by Brendan Gallagher.
1:26 of 1st period - Shot Hit the Post.
2:13 of 1st period - Snap shot by James Neal.
2:13 of 1st period - Shot Misses the Net.
2:15 of 1st period - Minor Penalty to Dmitri Kalinin for Interference.
2:16 of 1st period - Andy Miele wins face-off versus Patrice Bergeron in Predators zone.
3:19 of 1st period - Minor Penalty to Kyle Okposo for Hooking.
3:20 of 1st period - Sean Couturier wins face-off versus Mikael Granlund in Rangers zone.
3:27 of 1st period - Snap shot by Jakob Silfverberg.
3:27 of 1st period - Goal by Jakob Silfverberg - Predators : 0 - Rangers : 1.
3:28 of 1st period - Mikael Granlund wins face-off versus Sean Couturier in neutral zone.
3:37 of 1st period - Slapshot by Alexander Ovechkin.
3:37 of 1st period - Stopped by Frederik Andersen with a rebound.
3:57 of 1st period - Slapshot by Alexander Edler.
3:57 of 1st period - Stopped by Frederik Andersen with a rebound.
4:15 of 1st period - Penalty to Dmitri Kalinin is over, Dmitri Kalinin is back on ice.
5:19 of 1st period - Penalty to Kyle Okposo is over, Kyle Okposo is back on ice.
5:31 of 1st period - Sean Couturier is hit by Alexander Edler and loses puck.
5:56 of 1st period - Snap shot by Byron Bitz.
5:56 of 1st period - Deflect By Andy Miele.
5:56 of 1st period - Shot Blocked by Mark Fistric.
5:56 of 1st period - Puck is out of play.
5:57 of 1st period - Maxime Sauvé wins face-off versus Ryan Kesler in Rangers zone.
6:30 of 1st period - Backhand shot by Alexander Ovechkin.
6:30 of 1st period - Stopped by Frederik Andersen without a rebound.
6:31 of 1st period - Patrice Bergeron wins face-off versus Jack Eichel in Rangers zone.
6:36 of 1st period - Snap shot by Milan Lucic.
6:36 of 1st period - Shot Blocked by Ryan Mcdonagh.
7:18 of 1st period - Backhand shot by James Neal.
7:18 of 1st period - Shot Misses the Net.
7:20 of 1st period - Wrist shot by Sean Couturier.
7:20 of 1st period - Deflect By James Neal.
7:20 of 1st period - Shot Misses the Net.
7:20 of 1st period - Puck is out of play.
7:21 of 1st period - Sean Couturier wins face-off versus Jack Eichel in Predators zone.
7:22 of 1st period - Slapshot by James Neal.
7:22 of 1st period - Stopped by Viktor Fasth with a rebound.
7:24 of 1st period - Snap shot by Cam Barker.
7:24 of 1st period - Stopped by Viktor Fasth with a rebound.
7:26 of 1st period - Snap shot by Devante Smith-Pelly.
7:26 of 1st period - Shot Misses the Net.
7:28 of 1st period - Slapshot by Cam Barker.
7:28 of 1st period - Shot Blocked by John Moore.
8:10 of 1st period - Slapshot by Alexander Ovechkin.
8:10 of 1st period - Shot Misses the Net.
8:16 of 1st period - Cam Barker is hit by Alexander Ovechkin and loses puck.
8:45 of 1st period - Wrist shot by Brendan Gallagher.
8:45 of 1st period - Shot Misses the Net.
8:54 of 1st period - Minor Penalty to Alexander Ovechkin for Tripping.
8:55 of 1st period - Patrice Bergeron wins face-off versus Andy Miele in Predators zone.
10:24 of 1st period - Nik Antropov is hit by Sean Couturier and loses puck.
10:54 of 1st period - Penalty to Alexander Ovechkin is over, Alexander Ovechkin is back on ice.
12:57 of 1st period - Jack Eichel is hit by Derrick Pouliot and loses puck.
13:10 of 1st period - Alex Killorn is hit by Derrick Pouliot and loses puck.
13:23 of 1st period - Slapshot by Andy Miele.
13:23 of 1st period - Stopped by Frederik Andersen with a rebound.
13:25 of 1st period - Wrist shot by Byron Bitz.
13:25 of 1st period - Stopped by Frederik Andersen with a rebound.
13:35 of 1st period - Wrist shot by Mikael Granlund.
13:35 of 1st period - Shot Misses the Net.
13:53 of 1st period - Cam Barker is hit by Alexander Edler and loses puck.
14:16 of 1st period - Magnus Paajarvi is hit by Ryan Mcdonagh and loses puck.
14:27 of 1st period - Snap shot by Mikael Granlund.
14:27 of 1st period - Stopped by Frederik Andersen with a rebound.
14:29 of 1st period - Slapshot by John Moore.
14:29 of 1st period - Shot Blocked by Steve Quailer.
14:31 of 1st period - Slapshot by John Moore.
14:31 of 1st period - Shot Blocked by Luke Schenn.
14:33 of 1st period - Snap shot by Mikael Granlund.
14:33 of 1st period - Shot Misses the Net.
14:35 of 1st period - Wrist shot by Jaden Schwartz.
14:35 of 1st period - Shot Blocked by Cam Barker.
14:45 of 1st period - Slapshot by Cam Barker.
14:45 of 1st period - Shot Misses the Net.
14:51 of 1st period - Luke Schenn is hit by Nate Schmidt and loses puck.
15:09 of 1st period - Dmitri Kalinin is hit by Milan Lucic and loses puck.
15:28 of 1st period - Alexander Ovechkin is hit by Tomas Hertl and loses puck.
15:43 of 1st period - Snap shot by Alexander Ovechkin.
15:43 of 1st period - Stopped by Frederik Andersen with a rebound.
15:45 of 1st period - Wrist shot by Mark Pysyk.
15:45 of 1st period - Stopped by Frederik Andersen without a rebound.
15:46 of 1st period - Sean Couturier wins face-off versus Nik Antropov in Rangers zone.
16:11 of 1st period - Snap shot by Devante Smith-Pelly.
16:11 of 1st period - Stopped by Viktor Fasth without a rebound.
16:12 of 1st period - Ryan Kesler wins face-off versus Patrice Bergeron in Predators zone.
16:19 of 1st period - Snap shot by Mikael Granlund.
16:19 of 1st period - Stopped by Frederik Andersen with a rebound.
16:21 of 1st period - Wrist shot by Jaden Schwartz.
16:21 of 1st period - Stopped by Frederik Andersen with a rebound.
16:23 of 1st period - Slapshot by John Moore.
16:23 of 1st period - Stopped by Frederik Andersen with a rebound.
16:49 of 1st period - Wrist shot by Chris Bourque.
16:49 of 1st period - Shot Misses the Net.
17:03 of 1st period - Wrist shot by Steve Quailer.
17:03 of 1st period - Shot Misses the Net.
17:07 of 1st period - Wrist shot by Steve Quailer.
17:07 of 1st period - Stopped by Viktor Fasth with a rebound.
17:42 of 1st period - Jakob Silfverberg is hit by Jaden Schwartz and loses puck.
17:46 of 1st period - Icing by Derrick Pouliot.
17:47 of 1st period - Ryan Kesler wins face-off versus Patrice Bergeron in Rangers zone.
18:30 of 1st period - Slapshot by Ryan Kesler.
18:30 of 1st period - Stopped by Frederik Andersen without a rebound.
18:31 of 1st period - Tomas Hertl wins face-off versus Jack Eichel in Rangers zone.
18:44 of 1st period - Justin Faulk is hit by Kyle Okposo and loses puck.
18:53 of 1st period - Kyle Okposo is hit by Alexander Ovechkin and loses puck.
19:06 of 1st period - Slapshot by Cam Barker.
19:06 of 1st period - Shot Blocked by Justin Faulk.
19:12 of 1st period - Snap shot by Sean Couturier.
19:12 of 1st period - Shot Blocked by Justin Faulk.
19:28 of 1st period - Wrist shot by Steve Quailer.
19:28 of 1st period - Shot Blocked by Mark Pysyk.
19:30 of 1st period - Wrist shot by Maxime Sauvé.
19:30 of 1st period - Goal by Maxime Sauvé - Predators : 0 - Rangers : 2.
19:31 of 1st period - Milan Lucic wins face-off versus Jack Eichel in neutral zone.
19:58 of 1st period - Brendan Gallagher is hit by Mark Fistric and loses puck.
Goals for this period are 0 for Predators vs 2 for Rangers.
Shots for this period are 12 for Predators vs 7 for Rangers.

2nd period


0:01 of 2nd period - Ryan Kesler wins face-off versus Patrice Bergeron in neutral zone.
0:34 of 2nd period - Wrist shot by Andy Miele.
0:34 of 2nd period - Stopped by Frederik Andersen with a rebound.
1:12 of 2nd period - Wrist shot by James Neal.
1:12 of 2nd period - Shot Blocked by Justin Faulk.
2:03 of 2nd period - Snap shot by Jaden Schwartz.
2:03 of 2nd period - Stopped by Frederik Andersen with a rebound.
2:05 of 2nd period - Snap shot by Mikael Granlund.
2:05 of 2nd period - Shot Misses the Net.
2:17 of 2nd period - Ryan Mcdonagh is hit by Devante Smith-Pelly and loses puck.
2:46 of 2nd period - Minor Penalty to Derrick Pouliot for Hooking.
2:47 of 2nd period - Jakob Silfverberg wins face-off versus Jack Eichel in Rangers zone.
3:04 of 2nd period - Ryan Mcdonagh is hit by Patrice Bergeron and loses puck.
3:27 of 2nd period - Snap shot by Ryan Kesler.
3:27 of 2nd period - Shot Misses the Net.
4:46 of 2nd period - Penalty to Derrick Pouliot is over, Derrick Pouliot is back on ice.
4:49 of 2nd period - Wrist shot by Chris Bourque.
4:49 of 2nd period - Deflect By Tomas Hertl.
4:49 of 2nd period - Shot Misses the Net.
4:49 of 2nd period - Puck is out of play.
4:50 of 2nd period - Nik Antropov wins face-off versus Magnus Paajarvi in Predators zone.
6:09 of 2nd period - John Moore is hit by Chris Bourque and loses puck.
6:20 of 2nd period - Snap shot by Magnus Paajarvi.
6:20 of 2nd period - Shot Misses the Net.
6:22 of 2nd period - Backhand shot by Magnus Paajarvi.
6:22 of 2nd period - Stopped by Viktor Fasth with a rebound.
6:42 of 2nd period - Slapshot by James Neal.
6:42 of 2nd period - Shot Misses the Net.
7:42 of 2nd period - Alexander Edler is hit by Magnus Paajarvi and loses puck.
7:47 of 2nd period - Slapshot by Magnus Paajarvi.
7:47 of 2nd period - Deflect By Steve Quailer.
7:47 of 2nd period - Stopped by Viktor Fasth with a rebound.
8:01 of 2nd period - Ryan Mcdonagh is hit by Sean Couturier and loses puck.
8:21 of 2nd period - Snap shot by Mikael Granlund.
8:21 of 2nd period - Shot Misses the Net.
8:23 of 2nd period - Backhand shot by Ryan Mcdonagh.
8:23 of 2nd period - Shot Blocked by Cam Barker.
8:25 of 2nd period - Snap shot by Alexander Edler.
8:25 of 2nd period - Shot Blocked by Cam Barker.
8:27 of 2nd period - Snap shot by Ryan Kesler.
8:27 of 2nd period - Shot Misses the Net.
8:29 of 2nd period - Slapshot by Alexander Edler.
8:29 of 2nd period - Deflect By Jakob Silfverberg.
8:29 of 2nd period - Stopped by Frederik Andersen without a rebound.
8:30 of 2nd period - Jack Eichel wins face-off versus Milan Lucic in Rangers zone.
8:33 of 2nd period - Slapshot by Alexander Ovechkin.
8:33 of 2nd period - Stopped by Frederik Andersen with a rebound.
8:35 of 2nd period - Snap shot by Jack Eichel.
8:35 of 2nd period - Stopped by Frederik Andersen with a rebound.
8:55 of 2nd period - Sean Couturier is hit by Mikael Granlund and loses puck.
9:06 of 2nd period - Wrist shot by Ryan Kesler.
9:06 of 2nd period - Shot Misses the Net.
9:15 of 2nd period - Off-side.
9:16 of 2nd period - Andy Miele wins face-off versus Tomas Hertl in neutral zone.
9:27 of 2nd period - Slapshot by Chris Bourque.
9:27 of 2nd period - Deflect By Tomas Hertl.
9:27 of 2nd period - Shot Misses the Net.
9:27 of 2nd period - Puck is out of play.
9:28 of 2nd period - Patrice Bergeron wins face-off versus Jack Eichel in Predators zone.
9:45 of 2nd period - Wrist shot by Patrice Bergeron.
9:45 of 2nd period - Shot Blocked by Dmitri Kalinin.
11:01 of 2nd period - Patrik Nemeth is hit by Jack Eichel.
11:25 of 2nd period - Snap shot by James Neal.
11:25 of 2nd period - Shot Blocked by Mikael Granlund.
11:48 of 2nd period - Slapshot by Justin Faulk.
11:48 of 2nd period - Shot Misses the Net.
12:11 of 2nd period - Off-side.
12:12 of 2nd period - Ryan Kesler wins face-off versus Patrice Bergeron in neutral zone.
12:23 of 2nd period - Backhand shot by Mikael Granlund.
12:23 of 2nd period - Shot Blocked by Cam Barker.
12:48 of 2nd period - Wrist shot by Brendan Gallagher.
12:48 of 2nd period - Goal by Brendan Gallagher - Predators : 1 - Rangers : 2.
12:49 of 2nd period - Patrice Bergeron wins face-off versus Jack Eichel in neutral zone.
13:14 of 2nd period - Jaden Schwartz is hit by James Neal and loses puck.
13:19 of 2nd period - Slapshot by Devante Smith-Pelly.
13:19 of 2nd period - Shot Misses the Net.
13:41 of 2nd period - Wrist shot by Chris Bourque.
13:41 of 2nd period - Deflect By Tomas Hertl.
13:41 of 2nd period - Stopped by Viktor Fasth with a rebound.
14:07 of 2nd period - Wrist shot by Alexander Ovechkin.
14:07 of 2nd period - Shot Misses the Net.
14:40 of 2nd period - Icing by Patrik Nemeth.
14:41 of 2nd period - Patrice Bergeron wins face-off versus Ryan Kesler in Rangers zone.
14:52 of 2nd period - Slapshot by Sean Couturier.
14:52 of 2nd period - Shot Misses the Net.
15:25 of 2nd period - Snap shot by Jaden Schwartz.
15:25 of 2nd period - Stopped by Frederik Andersen with a rebound.
15:33 of 2nd period - Wrist shot by Mikael Granlund.
15:33 of 2nd period - Shot Misses the Net.
15:47 of 2nd period - Wrist shot by Jaden Schwartz.
15:47 of 2nd period - Stopped by Frederik Andersen without a rebound.
15:48 of 2nd period - Patrice Bergeron wins face-off versus Jack Eichel in Rangers zone.
15:48 of 2nd period - Patrice Bergeron is hit by Dmitri Kalinin.
15:51 of 2nd period - Minor Penalty to Patrice Bergeron for Tripping.
15:52 of 2nd period - Jack Eichel wins face-off versus Jakob Silfverberg in Rangers zone.
16:46 of 2nd period - Patrik Nemeth is hit by Brendan Gallagher and loses puck.
16:59 of 2nd period - Alexander Ovechkin is hit by Patrik Nemeth and loses puck.
17:41 of 2nd period - Jack Eichel is hit by James Neal and loses puck.
17:51 of 2nd period - Penalty to Patrice Bergeron is over, Patrice Bergeron is back on ice.
17:58 of 2nd period - Wrist shot by Milan Lucic.
17:58 of 2nd period - Shot Misses the Net.
18:19 of 2nd period - Slapshot by Nate Schmidt.
18:19 of 2nd period - Stopped by Frederik Andersen with a rebound.
18:25 of 2nd period - Snap shot by Mark Pysyk.
18:25 of 2nd period - Stopped by Frederik Andersen without a rebound.
18:26 of 2nd period - Alex Killorn wins face-off versus Patrice Bergeron in Rangers zone.
18:27 of 2nd period - Wrist shot by Mark Pysyk.
18:27 of 2nd period - Shot Misses the Net.
18:33 of 2nd period - Slapshot by Jakob Silfverberg.
18:33 of 2nd period - Shot Misses the Net.
18:35 of 2nd period - Slapshot by Derrick Pouliot.
18:35 of 2nd period - Stopped by Viktor Fasth without a rebound.
18:36 of 2nd period - Nik Antropov wins face-off versus Patrice Bergeron in Predators zone.
19:21 of 2nd period - Snap shot by Sean Couturier.
19:21 of 2nd period - Shot Blocked by Alexander Ovechkin.
19:31 of 2nd period - Wrist shot by Chris Bourque.
19:31 of 2nd period - Shot Blocked by Ryan Mcdonagh.
Goals for this period are 1 for Predators vs 0 for Rangers.
Shots for this period are 10 for Predators vs 4 for Rangers.

3rd period


0:01 of 3rd period - Jack Eichel wins face-off versus Patrice Bergeron in neutral zone.
0:47 of 3rd period - Slapshot by Cam Barker.
0:47 of 3rd period - Stopped by Viktor Fasth without a rebound.
0:48 of 3rd period - Tomas Hertl wins face-off versus Andy Miele in Predators zone.
1:15 of 3rd period - Mark Fistric is hit by Alexander Ovechkin and loses puck.
2:04 of 3rd period - Wrist shot by Mark Pysyk.
2:04 of 3rd period - Stopped by Frederik Andersen with a rebound.
2:27 of 3rd period - Wrist shot by Chris Bourque.
2:27 of 3rd period - Deflect By Kyle Okposo.
2:27 of 3rd period - Shot Misses the Net.
2:27 of 3rd period - Puck is out of play.
2:28 of 3rd period - Brendan Gallagher wins face-off versus Patrice Bergeron in Predators zone.
2:33 of 3rd period - Snap shot by Alexander Ovechkin.
2:33 of 3rd period - Shot Blocked by Derrick Pouliot.
2:35 of 3rd period - Snap shot by Brendan Gallagher.
2:35 of 3rd period - Stopped by Frederik Andersen with a rebound.
2:37 of 3rd period - Snap shot by Alexander Ovechkin.
2:37 of 3rd period - Shot Blocked by Patrik Nemeth.
2:39 of 3rd period - Snap shot by Alexander Ovechkin.
2:39 of 3rd period - Stopped by Frederik Andersen with a rebound.
2:41 of 3rd period - Snap shot by Alexander Ovechkin.
2:41 of 3rd period - Shot Blocked by Derrick Pouliot.
4:04 of 3rd period - Snap shot by Justin Abdelkader.
4:04 of 3rd period - Stopped by Frederik Andersen with a rebound.
4:06 of 3rd period - Slapshot by Alexander Edler.
4:06 of 3rd period - Deflect By Andy Miele.
4:06 of 3rd period - Stopped by Frederik Andersen with a rebound.
4:08 of 3rd period - Slapshot by Ryan Mcdonagh.
4:08 of 3rd period - Shot Blocked by Jakob Silfverberg.
4:38 of 3rd period - Dmitry Kulikov is hit by Mark Pysyk and loses puck.
4:47 of 3rd period - Snap shot by Alex Killorn.
4:47 of 3rd period - Shot Misses the Net.
4:49 of 3rd period - Slapshot by Nik Antropov.
4:49 of 3rd period - Stopped by Frederik Andersen without a rebound.
4:50 of 3rd period - Jack Eichel wins face-off versus Patrice Bergeron in Rangers zone.
4:54 of 3rd period - Off-side.
4:55 of 3rd period - Patrice Bergeron wins face-off versus Jack Eichel in neutral zone.
4:57 of 3rd period - Off-side.
4:58 of 3rd period - Jack Eichel wins face-off versus Patrice Bergeron in neutral zone.
5:09 of 3rd period - Wrist shot by Jakob Silfverberg.
5:09 of 3rd period - Stopped by Viktor Fasth with a rebound.
5:26 of 3rd period - Slapshot by Justin Faulk.
5:26 of 3rd period - Stopped by Frederik Andersen with a rebound.
5:28 of 3rd period - Slapshot by Justin Faulk.
5:28 of 3rd period - Shot Blocked by Mark Fistric.
5:30 of 3rd period - Slapshot by Brendan Gallagher.
5:30 of 3rd period - Stopped by Frederik Andersen with a rebound.
5:32 of 3rd period - Snap shot by Brendan Gallagher.
5:32 of 3rd period - Stopped by Frederik Andersen without a rebound.
5:33 of 3rd period - Ryan Kesler wins face-off versus Sean Couturier in Rangers zone.
5:38 of 3rd period - Snap shot by Jaden Schwartz.
5:38 of 3rd period - Stopped by Frederik Andersen without a rebound.
5:39 of 3rd period - Ryan Kesler wins face-off versus Sean Couturier in Rangers zone.
5:40 of 3rd period - Wrist shot by Mikael Granlund.
5:40 of 3rd period - Stopped by Frederik Andersen with a rebound.
5:42 of 3rd period - Snap shot by Mikael Granlund.
5:42 of 3rd period - Shot Blocked by Devante Smith-Pelly.
5:44 of 3rd period - Slapshot by Alexander Edler.
5:44 of 3rd period - Deflect By Jaden Schwartz.
5:44 of 3rd period - Stopped by Frederik Andersen with a rebound.
6:10 of 3rd period - Slapshot by Jakob Silfverberg.
6:10 of 3rd period - Stopped by Viktor Fasth without a rebound.
6:11 of 3rd period - Patrice Bergeron wins face-off versus Jack Eichel in Predators zone.
6:18 of 3rd period - Snap shot by Jakob Silfverberg.
6:18 of 3rd period - Shot Misses the Net.
6:20 of 3rd period - Slapshot by Mark Fistric.
6:20 of 3rd period - Stopped by Viktor Fasth with a rebound.
6:22 of 3rd period - Slapshot by Milan Lucic.
6:22 of 3rd period - Stopped by Viktor Fasth with a rebound.
6:30 of 3rd period - Snap shot by Jakob Silfverberg.
6:30 of 3rd period - Stopped by Viktor Fasth without a rebound.
6:31 of 3rd period - Sean Couturier wins face-off versus Ryan Kesler in Predators zone.
6:42 of 3rd period - Cam Barker is hit by Jaden Schwartz and loses puck.
6:57 of 3rd period - Jakob Silfverberg is hit by Alexander Ovechkin and loses puck.
8:06 of 3rd period - Snap shot by Devante Smith-Pelly.
8:06 of 3rd period - Shot Misses the Net.
8:24 of 3rd period - Wrist shot by Jakob Silfverberg.
8:24 of 3rd period - Stopped by Viktor Fasth with a rebound.
8:46 of 3rd period - Wrist shot by Patrik Nemeth.
8:46 of 3rd period - Deflect By Justin Faulk.
8:46 of 3rd period - Stopped by Viktor Fasth with a rebound.
9:05 of 3rd period - Off-side.
9:06 of 3rd period - Andy Miele wins face-off versus Sean Couturier in neutral zone.
9:17 of 3rd period - Nate Schmidt is hit by James Neal and loses puck.
9:32 of 3rd period - Luke Schenn is hit by Brendan Gallagher and loses puck.
9:41 of 3rd period - Snap shot by Jakob Silfverberg.
9:41 of 3rd period - Shot Blocked by Alexander Ovechkin.
9:43 of 3rd period - Snap shot by Mark Fistric.
9:43 of 3rd period - Deflect By Milan Lucic.
9:43 of 3rd period - Stopped by Viktor Fasth without a rebound.
9:44 of 3rd period - Ryan Kesler wins face-off versus Sean Couturier in Predators zone.
10:42 of 3rd period - Snap shot by Tomas Hertl.
10:42 of 3rd period - Shot Misses the Net.
10:58 of 3rd period - Andy Miele is hit by Magnus Paajarvi and loses puck.
12:05 of 3rd period - Nik Antropov is hit by Devante Smith-Pelly and loses puck.
12:16 of 3rd period - Backhand shot by Sean Couturier.
12:16 of 3rd period - Stopped by Viktor Fasth with a rebound.
12:42 of 3rd period - Wrist shot by James Neal.
12:42 of 3rd period - Goal by James Neal - Predators : 1 - Rangers : 3.
12:43 of 3rd period - Patrice Bergeron wins face-off versus Jack Eichel in neutral zone.
12:56 of 3rd period - Wrist shot by Alexander Ovechkin.
12:56 of 3rd period - Shot Misses the Net.
13:15 of 3rd period - Chris Bourque is hit by Byron Bitz and loses puck.
14:15 of 3rd period - Brendan Gallagher is hit by Magnus Paajarvi and loses puck.
14:22 of 3rd period - Snap shot by Steve Quailer.
14:22 of 3rd period - Shot Misses the Net.
14:24 of 3rd period - Snap shot by Steve Quailer.
14:24 of 3rd period - Deflect By Magnus Paajarvi.
14:24 of 3rd period - Stopped by Viktor Fasth with a rebound.
14:26 of 3rd period - Snap shot by Maxime Sauvé.
14:26 of 3rd period - Stopped by Viktor Fasth with a rebound.
14:28 of 3rd period - Slapshot by Cam Barker.
14:28 of 3rd period - Shot Misses the Net.
14:30 of 3rd period - Snap shot by Steve Quailer.
14:30 of 3rd period - Stopped by Viktor Fasth with a rebound.
14:32 of 3rd period - Snap shot by Steve Quailer.
14:32 of 3rd period - Stopped by Viktor Fasth without a rebound.
14:33 of 3rd period - Ryan Kesler wins face-off versus Patrice Bergeron in Predators zone.
14:33 of 3rd period - Ryan Kesler is hit by Derrick Pouliot.
15:10 of 3rd period - Jakob Silfverberg is hit by Mark Pysyk and loses puck.
15:23 of 3rd period - John Moore is hit by Kyle Okposo and loses puck.
15:42 of 3rd period - Sean Couturier is hit by John Moore and loses puck.
16:04 of 3rd period - Icing by Alexander Ovechkin.
16:05 of 3rd period - Sean Couturier wins face-off versus Jack Eichel in Predators zone.
17:07 of 3rd period - Snap shot by Luke Schenn.
17:07 of 3rd period - Stopped by Viktor Fasth with a rebound.
17:34 of 3rd period - Slapshot by Luke Schenn.
17:34 of 3rd period - Shot Blocked by Ryan Kesler.
17:42 of 3rd period - Slapshot by Jaden Schwartz.
17:42 of 3rd period - Shot Misses the Net.
17:44 of 3rd period - Snap shot by Ryan Kesler.
17:44 of 3rd period - Stopped by Frederik Andersen with a rebound.
18:05 of 3rd period - Off-side.
18:06 of 3rd period - Patrice Bergeron wins face-off versus Jack Eichel in neutral zone.
18:21 of 3rd period - Snap shot by Justin Faulk.
18:21 of 3rd period - Deflect By Dmitry Kulikov.
18:21 of 3rd period - Stopped by Frederik Andersen with a rebound.
18:33 of 3rd period - Snap shot by Chris Bourque.
18:33 of 3rd period - Shot Blocked by Andy Miele.
Goals for this period are 0 for Predators vs 1 for Rangers.
Shots for this period are 14 for Predators vs 16 for Rangers.